 Dungeon Crawl Stone Soup version 0.21.1-1-g345015f (webtiles) character file.

3 Iko the Caller (level 1, -4/13 HPs)
             Began as a Barachi Summoner on May 6, 2018.
             Was an Initiate of Makhleb.
             Slain by a worm (5 damage)
             ... on level 3 of the Dungeon.
             The game lasted 00:06:02 (320 turns).

Iko the Caller (Barachi Summoner)                    Turns: 320, Time: 00:06:05

Health: -4/13      AC:  6    Str: 10 (11) XL:     1   Next: 50%
Magic:  2/3        EV:  8    Int: 12 (15) God:    Makhleb [......]
Gold:   76         SH:  0    Dex: 11 (12) Spells: 3/4 levels left

rFire    . . .     SeeInvis .   e - +0 dagger
rCold    . . .     Gourm    .   (no shield)
rNeg     . . .     Faith    .   a - +0 scale mail
rPois    .         Spirit   .   (no helmet)
rElec    .         Reflect  .   (no cloak)
rCorr    .         Harm     .   (no gloves)
MR       .....                  (no boots)
Stlth    ..........             (no amulet)
HPRegen  0.04/turn              (no ring)
MPRegen  0.08/turn              (no ring)

@: slow
A: +LOS, swims, hooves 1, sense surroundings 1, slowness 1, strong 1, strong
legs 1
a: Hop, Renounce Religion


You were on level 3 of the Dungeon.
You worshipped Makhleb.
Makhleb was noncommittal.
You were not hungry.

You visited 1 branch of the dungeon, and saw 3 of its levels.

You collected 76 gold pieces.

Inventory:

Hand Weapons
 d - a +0 hunting sling
 e - a +0 dagger (weapon)
Missiles
 f - 35 stones (quivered)
Armour
 a - a +0 scale mail (worn)
Books
 b - a book of Callings

   Spells                             Type                      Level
   a - Summon Small Mammal            Summoning                    1
   b - Call Imp                       Summoning                    2
   c - Call Canine Familiar           Summoning                    3
   d - Summon Guardian Golem          Hexes/Summoning              3
   e - Summon Lightning Spire         Summoning/Air                4
   f - Summon Ice Beast               Ice/Summoning                4
Comestibles
 c - 2 rations


   Skills:
 + Level 2.1 Dodging
 + Level 1.7 Stealth
 + Level 2.1 Spellcasting
 + Level 5.0 Summonings


You had 3 spell levels left.
You knew the following spells:

 Your Spells              Type           Power        Failure   Level  Hunger
a - Summon Small Mammal   Summ           ##..         24%         1    ##.....


Dungeon Overview and Level Annotations

Branches:
Dungeon (3/15)

Altars:
Ashenzari
Makhleb


Innate Abilities, Weirdness & Mutations

Shadows flee at your approach. (+LOS)
You can swim through water.
You cover ground slowly.
You can hop short distances.
You have large cloven feet.
You passively map a small area around you.
Your muscles are strong. (Str +2)


Message History

The worm is heavily wounded.
Your bat hits the worm. The worm bites you. x2
You barely miss the worm.
The worm is heavily wounded.
Your bat barely misses the worm.
You hit the worm.
The worm is severely wounded.
Your bat hits the worm but does no damage.
The worm bites you but does no damage. x2
A ball python comes into view.
You barely miss the worm. Your kick misses the worm.
The worm is severely wounded.
Your bat hits the worm but does no damage.
You strike the helpless worm from behind!
You hit the worm.
The worm is almost dead.
Your bat hits the worm. The worm bites you.
* * * LOW HITPOINT WARNING * * *
The worm bites you.
You die...

, , + ,
* , * ,
, , , ,
* , , ,
*###+###
#....w#
, ,
#...@b#
**
#..w..+
, *
#.....#
* *
,+......
, , ,*
#.....##
*
#.....#
,
,#####S#
,** *
.#* , ,
, .. ,


You could see 2 worms, a ball python and a friendly bat.

Vanquished Creatures
  A bat (D:2)
  A goblin (D:2)
2 creatures vanquished.

Vanquished Creatures (collateral kills)
  A goblin (D:2)
1 creature vanquished.

Grand Total: 3 creatures vanquished

Notes
Turn   | Place    | Note
-------+----------+-------------------------------------------
     0 | D:1      | Iko the Barachi Summoner began the quest for the Orb.
     0 | D:1      | Reached XP level 1. HP: 13/13 MP: 3/3
    73 | D:2      | Found a burning altar of Makhleb.
    94 | D:2      | Became a worshipper of Makhleb the Destroyer
   128 | D:2      | Found a shattered altar of Ashenzari.
   146 | D:2      | Reached skill level 5 in Summonings
   296 | D:2      | Gained mutation: You passively map a small area around you. [potion of mutation]
   296 | D:2      | Gained mutation: You have large cloven feet. [potion of mutation]
   296 | D:2      | Gained mutation: Your muscles are strong. (Str +2) [potion of mutation]
   320 | D:3      | Slain by a worm

Skill      XL: |  1 |
---------------+----+-----
Summonings     | 5 |  5.0
Dodging        | |  2.1
Stealth        | |  1.7
Spellcasting   | |  2.1

Action                   || total
-------------------------++-------
Melee: Unarmed           ||    15
       Dagger            ||     8
       Kick              ||     1
 Cast: Summon Small Mamm ||     3
  Use: Potion            ||     2
       Scroll            ||     1
 Stab: Distracted        ||     1
Armor: Scale mail        ||    13
       Robe              ||     1
Dodge: Dodged            ||    13
